Map: Persephone LE

Players

LigerMaNN - Winner!

  • Race: Zerg Zerg
  • League: Diamond
  • Spawn Location: 11:00

CrimsonChin

  • Race: Protoss Protoss
  • League: Diamond
  • Spawn Location: 7:00

VOD

Have the link to the VOD?

Description

Time

  • Played on: June 4, 2025, 4:09 p.m.
  • Length: 1:41
Show
View Real Time Build Order
Export as new Build Order

LigerMaNN Zerg - Winner!

Build Orders:  

Get SALT Encoding   

  12  0:00  Drone  
  13  0:12  Overlord  
  13  0:17  Drone  
  14  0:31  Drone x2  
  16  0:47  Hatchery  
  15  0:51  Drone  
  15  0:55  Drone  
Show
View Real Time Build Order
Export as new Build Order

CrimsonChin Protoss 

Build Orders:  

Get SALT Encoding   

  12  0:01  Probe  
  13  0:15  Probe  
  13  0:19  Pylon  
  14  0:24  Probe  
  15  0:36  Probe  
  15  0:39  Forge  
  16  0:56  Pylon  
  16  0:57  Probe  
  17  1:10  Probe  
  18  1:15  Photon Cannon  
  18  1:19  Pylon  
Tags
 
Matchup
PvZ
Replay Pack
June 2025
Spawn Locations
Close Positions
Add a new tag
Caveats
  • Supply blocks, unpowered buildings, or Contaminate may cause inaccurate times.
  • Supply counts are checked every 10 seconds.